 Dungeon Crawl Stone Soup version 0.31-a0-876-gfe8ebadbca (webtiles) character file.

Game seed: 8856451763454032601

1 Ahpoh the Slasher (level 1, 0/16 HPs)
             Began as a Demonspawn Gladiator on Oct 13, 2023.
             Slain by a kobold
             ... wielding a +0 whip
              (2 damage)
             ... on level 1 of the Dungeon.
             The game lasted 00:00:04 (55 turns).

Ahpoh the Slasher (Demonspawn Gladiator)              Turns: 55, Time: 00:00:04

Health: 0/16       AC:  4    Str: 14    XL:     1   Next: 16%
Magic:  1/1        EV: 12    Int:  9    God:
Gold:   0          SH:  0    Dex: 14    Spells: 0/0 levels left

rFire   . . .        a - +0 long sword
rCold   . . .        (no shield)
rNeg    . . .        b - +0 leather armour
rPois   .            c - +0 helmet
rElec   .            (no cloak)
rCorr   .            (no gloves)
SInv    .            (no boots)
Will    .....        (no amulet)
Stlth   +            (no ring)
HPRegen 0.22/turn    (no ring)
MPRegen 0.07/turn

%: no passive effects
@: no status effects
A: no striking features
a: no special abilities


You were on level 1 of the Dungeon.
You visited 1 branch of the dungeon, and saw 1 of its levels.

Inventory:

Hand Weapons
 a - a +0 long sword (weapon)
Missiles
 d - 3 throwing nets (quivered)
 e - a javelin
Armour
 b - a +0 leather armour (worn)
 c - a +0 helmet (worn)


   Skills:
 + Level 2.0 Fighting
 + Level 2.8 Long Blades
 + Level 1.7 Throwing
 + Level 2.6 Dodging


You couldn't memorise any spells.
You didn't know any spells.
Your spell library was empty.

Dungeon Overview and Level Annotations

Branches:
Dungeon (1/15)

Altars:


Message History

You hit the jackal.
You kill the jackal!
A jackal comes into view.
The jackal barks!
You hear a shout!
A kobold comes into view. It is wielding a +0 whip.
A jackal comes into view.
The jackal bites you but does no damage.
A goblin comes into view. It is wielding a +0 dagger.
The goblin shouts!
The kobold shouts!
A jackal comes into view.
The jackal misses you.
You closely miss the kobold.
The jackal barks!
The jackal barely misses you. The kobold barely misses you.
The kobold misses you.
You hit the kobold.
The kobold is moderately wounded.
The jackal barely misses you. The kobold misses you.
The jackal bites you but does no damage.
You barely miss the kobold.
The kobold is moderately wounded.
The jackal closely misses you. The jackal bites you.
The kobold hits you with a +0 whip. The jackal closely misses you.
You barely miss the kobold.
The jackal bites you but does no damage.
The jackal barely misses you. The kobold closely misses you.
The jackal bites you but does no damage.
The jackal closely misses you.
You hit the kobold but do no damage. The jackal closely misses you.
The kobold misses you.
The jackal bites you but does no damage.
The jackal misses you. The kobold barely misses you. The jackal bites you.
You hit the kobold but do no damage. The jackal bites you.
The jackal barely misses you. The kobold hits you with a +0 whip.
* * * LOW HITPOINT WARNING * * *
The jackal closely misses you.
You barely miss the kobold. The jackal barely misses you.
The jackal bites you but does no damage.
The kobold hits you with a +0 whip.
You die...

#....#.#
#....#
#...##
##..#
#..# #
#..# ...
#..#
#..##h.#
#.ghh@.#
#.###K##
#.. ....
.#### #.
.. ##


You could see 3 jackals, a goblin and a kobold.

Vanquished Creatures
  A jackal (D:1)
1 creature vanquished.

Notes
Turn   | Place    | Note
-------+----------+-------------------------------------------
     0 | D:1      | Ahpoh the Demonspawn Gladiator began the quest for the Orb.
     0 | D:1      | Reached XP level 1. HP: 16/16 MP: 1/1
    55 | D:1      | Slain by a kobold

Illustrated notes

Levels and vault maps discovered:
D:1:      dpeg_arrival_rhombi, layout_loops_ring

Action                     || total
---------------------------++-------
  Melee: Long sword        ||    11
 Armour: Leather armour    ||    13
  Dodge: Dodged            ||    23

Table legend: (Time is in decaauts)
 A = Elapsed time spent in this place.
 B = Non-inter-level travel time spent in this place.
 C = Inter-level travel time spent in this place.
 D = Time resting spent in this place.
 E = Time spent auto-exploring this place.
 F = Levels seen in this place.
 G = Mean time per level.
                   A        B        C        D        E       F      G
               +--------+--------+--------+--------+--------+-----+--------+
         Total |     57 |     57 |      0 |      0 |     35 |   1 |   57.0 |
       Dungeon |     57 |     57 |      0 |      0 |     35 |   1 |   57.0 |
               +--------+--------+--------+--------+--------+-----+--------+

Top non-repeatable levels by time:
     D:1: 57 daAuts
